 Dungeon Crawl Stone Soup version 0.17-a0-2215-g49c1de0 (webtiles) character file.

80 HaroldButt the Insei (level 4, 0/35 HPs)
             Began as a Demonspawn Monk on Oct 27, 2015.
             Slain by a hobgoblin (2 damage)
             ... led by Robin
             ... on level 2 of the Dungeon.
             The game lasted 00:06:08 (2627 turns).

HaroldButt the Insei (Demonspawn Monk)              Turns: 2627, Time: 00:06:08

Health: 0/35       AC:  3    Str: 11      XL:     4   Next: 18%
Magic:  4/4        EV: 13    Int: 11 (12) God:
Gold:   94         SH:  0    Dex: 16      Spells: 0 memorised, 3 levels left

rFire  . . .     SeeInvis +       - Unarmed
rCold  . . .     Clarity  .     a - +0 robe
rNeg   . . .     SustAt   +     (no shield)
rPois  .         Gourm    .     (no helmet)
rElec  .         Spirit   .     (no cloak)
rCorr  .         Warding  .     (no gloves)
rMut   .         Stasis   .     (no boots)
MR     .....                    (no amulet)
Stlth  ++........               q - ring of sustain attributes
                                p - ring of see invisible

@: flying, not resistant to hostile enchantments, unstealthy
A: icy blue scales 1
a: no special abilities


You were on level 2 of the Dungeon.
You were not hungry.

You visited 1 branch of the dungeon, and saw 2 of its levels.

You collected 94 gold pieces.

Inventory:

Missiles
 c - 172 stones (quivered)
Armour
 a - a +0 robe (worn)
Jewellery
 o - an uncursed ring of fire
 p - a ring of see invisible (left hand)
 q - a ring of sustain attributes (right hand)
Wands
 s - a wand of slowing (29)
Scrolls
 e - 3 scrolls of identify {unknown}
 i - a scroll of enchant armour {unknown}
Potions
 h - a potion of resistance {unknown}
 j - a potion of flight
 k - a potion of brilliance {unknown}
 l - a potion of degeneration
 n - a potion of agility {unknown}
Comestibles
 b - a bread ration
 d - 2 beef jerkies
 g - 2 meat rations
 r - 2 chunks of flesh


   Skills:
 - Level 3.0 Fighting
 - Level 2.6 Dodging
 - Level 1.7 Stealth
 + Level 5.2 Unarmed Combat


You had 3 spell levels left.
You didn't know any spells.

Dungeon Overview and Level Annotations

Branches:
Dungeon (2/15)

Altars:

Annotations:
D:2 Robin


Innate Abilities, Weirdness & Mutations

You are partially covered in icy blue scales (AC +1).


Message History

Robin hits you with a mace of protection.
* * * LOW HITPOINT WARNING * * *
The hobgoblin closely misses you.
You bump into the rock wall.
The goblin hits you with a dagger.
* * * LOW HITPOINT WARNING * * *
Robin hits you but does no damage.
The hobgoblin hits you but does no damage.
You bump into the rock wall.
You feel less invigorated.
You feel less confused. The goblin hits you with a dagger!
* * * LOW HITPOINT WARNING * * *
Robin roars a battlecry!
Robin hits you with a mace of protection.
* * * LOW HITPOINT WARNING * * *
The hobgoblin hits you but does no damage.
Drink which item? (? for menu, Esc to quit)
It was a potion of curing.
You feel better. The goblin hits you with a dagger.
* * * LOW HITPOINT WARNING * * *
The hobgoblin hits you.
You die...

... ... .g gg # #g
# #g # #g####### #
#g@g)...# ## #
#.#####.# ###++##.
# ## #.####....##.
# #.#...(...##. #
#.####.#.##.#..##.
#
#.##...........##.
#
#.#.......####..#.
#.#.......#.......
#.#.##....#.###.#.


You could see Robin, 4 hobgoblins and 3 goblins.

Vanquished Creatures
  Ijyb (D:2)
  A gnoll (D:1)
  An ooze (D:1)
  A worm (D:2)
  A giant gecko (D:2)
  5 hobgoblins
  3 jackals (D:2)
  3 bats
  A giant cockroach (D:2)
  2 giant newts (D:1)
  11 goblins
  4 kobolds (D:1)
  5 rats (D:1)
39 creatures vanquished.

Notes
Turn   | Place    | Note
--------------------------------------------------------------
     0 | D:1      | HaroldButt the Demonspawn Monk began the quest for the Orb.
     0 | D:1      | Reached XP level 1. HP: 18/18 MP: 1/1
   194 | D:1      | Reached skill level 4 in Unarmed Combat
   278 | D:1      | Gained mutation: You are partially covered in icy blue scales (AC +1). [demonic ancestry]
   278 | D:1      | Reached XP level 2. HP: 24/24 MP: 2/2
  1663 | D:2      | HP: 1/24 [goblin/stone (5)]
  1724 | D:2      | Reached XP level 3. HP: 3/29 MP: 3/3
  2351 | D:2      | Noticed Ijyb
  2401 | D:2      | Killed Ijyb
  2401 | D:2      | Reached skill level 5 in Unarmed Combat
  2401 | D:2      | Reached XP level 4. HP: 35/35 MP: 4/4
  2598 | D:2      | Noticed Robin
  2627 | D:2      | Slain by a hobgoblin

Vault maps used:
D:1:      dpeg_arrival_stone_temple_mockup
D:2:      kennysheep_goblin_castle, nicolae_overflow_crystal_walls, first_bread,
          kennysheep_generic_room_3, uniq_robin

Action                   |  1- 3 |  4- 6 || total
-------------------------+-------+-------++-------
Melee: Unarmed           |   106 |    31 ||   137
Throw: Stone             |     9 |       ||     9
  Use: Potion            |       |     5 ||     5
 Stab: Sleeping          |     3 |       ||     3
       Distracted        |     1 |       ||     1
  Eat: Chunk             |     2 |     1 ||     3
       Royal jelly       |     1 |       ||     1
